 Dungeon Crawl Stone Soup version 0.30.0-15-g856e2d3f33 (webtiles) character file.

Game seed: 2576130282460573683

159919 Sai the Marksdemonspawn (level 16, -11/134 (147) HPs)
             Began as a Demonspawn Gladiator on May 18, 2023.
             Was the Champion of Jiyva.
             Mangled by a culicivora (12 damage)
             ... on level 1 of the Spider Nest.
             The game lasted 02:25:45 (29408 turns).

Sai the Marksdemonspawn (Demonspawn Gladiator)     Turns: 29408, Time: 02:25:46

HP:   -11/134 (147) AC: 14    Str: 15 (18) XL:     16   Next: 56%
MP:   16/16         EV: 14    Int:  8 (11) God:    Jiyva [******]
Gold: 400           SH:  0    Dex: 17 (18) Spells: 15/15 levels left

rFire   x . .        a - +4 shortbow (elec)
rCold   + + .        (shield currently unavailable)
rNeg    . . .        u - +0 ice dragon scales
rPois   +            (no helmet)
rElec   .            (no cloak)
rCorr   +            R - +2 pair of gloves
SInv    +            T - +1 pair of boots
Will    +....        j - amulet of reflection Stlth
                     S - ring of see invisible
HPRegen 2.02/turn    P - ring of poison resistance
MPRegen 0.65/turn

%: reflection
@: confused, drained
A: claws 1, large bone plates 3, demonic guardian 3, demonic magic 1, corrupting
presence 1, robust 1, wild magic 3, acidic bite, pseudopods 3
}: 2/15 runes: decaying, slimy
a: Renounce Religion, Oozemancy, Slimify


You were on level 1 of the Spider Nest.
You worshipped Jiyva.
Jiyva was exalted by your worship.
You visited 6 branches of the dungeon, and saw 32 of its levels.
You visited 1 bazaar.
You also visited: Volcano.

You collected 2628 gold pieces.
You spent 2228 gold pieces at shops.

Inventory:

Hand Weapons
 a - a +4 shortbow of electrocution (weapon)
 b - the +5 rapier "Otisur" {flame, rC+ rN+}
   (You bought it in a shop on level 7 of the Dungeon)

   rC:        It protects you from cold.
   rN:        It protects you from negative energy.
 x - the +2 shortbow "Lin Cot" {freeze, Int+3}
   (You found it on level 5 of the Lair of Beasts)

   Int:       It affects your intelligence (+3).
Missiles
 M - 2 throwing nets
Armour
 u - +0 ice dragon scales (worn)
 N - the scarf of Classification {rC+ rF+, Harm rN+++ Str-4 Dex-5}
   (You found it on level 5 of the Pits of Slime)

   Str:       It affects your strength (-4).
   Dex:       It affects your dexterity (-5).
   rN:        It renders you almost immune to negative energy.
   Harm:      It increases damage dealt and taken.
 R - a +2 pair of gloves (worn)
 T - a +1 pair of boots (worn)
Jewellery
 e - the ring of Waneer {Fly MP+9}
   (You found it on level 5 of the Pits of Slime)

   [ring of flight]

   MP:        It affects your magic capacity (+9).
   Fly:       It grants you flight.
 j - an amulet of reflection (around neck)
 p - a ring of willpower
 r - the ring "Idwy" {*Corrode rF+++ Will+ MP+9 Str+2}
   (You found it on level 2 of the Dungeon)

   [ring of willpower]

   Str:       It affects your strength (+2).
   rF:        It renders you almost immune to fire.
   MP:        It affects your magic capacity (+9).
   *Corrode:  It may corrode you when you take damage.
   Will:      It increases your willpower.
 I - a ring of protection from cold
 L - a +6 ring of strength
 P - a ring of poison resistance (right hand)
 S - a ring of see invisible (left hand)
 V - a +6 ring of dexterity
Wands
 g - a wand of quicksilver (21)
 i - a wand of polymorph (3)
 y - a wand of charming (19)
 C - a wand of flame (19)
 D - a wand of digging (7)
 Y - a wand of roots (23)
Scrolls
 c - a scroll of butterflies {unknown}
 f - a scroll of magic mapping
 k - 6 scrolls of enchant armour
 o - 3 scrolls of immolation {unknown}
 t - 3 scrolls of teleportation
 v - 3 scrolls of amnesia
 A - 5 scrolls of fog
 E - 2 scrolls of enchant weapon
 H - 2 scrolls of silence
 J - a scroll of acquirement {unknown}
 X - 2 scrolls of brand weapon {unknown}
Potions
 d - 6 potions of might
 h - 11 potions of haste
 l - 5 potions of heal wounds
 m - 3 potions of flight
 n - 2 potions of cancellation
 q - 18 potions of curing
 s - 4 potions of ambrosia
 w - a potion of berserk rage
 G - a potion of lignification {unknown}
 O - a potion of invisibility {unknown}
 U - a potion of brilliance {unknown}
 Z - a potion of experience {unknown}
Miscellaneous
 z - a phial of floods
 F - a box of beasts
 K - a lightning rod (4/4)


   Skills:
 + Level 14.9 Fighting
 - Level 9.2 Short Blades
 - Level 6.6 Axes
 - Level 16.0 Ranged Weapons
 - Level 1.7 Throwing
 - Level 10.0 Armour
 * Level 10.6 Dodging
 - Level 7.2 Evocations


You had 15 spell levels left.
You didn't know any spells.
Your spell library contained the following spells:

 Spells                   Type           Power      Damage    Failure   Level
 Apportation              Tloc           0%         N/A       96%         1
 Foxfire                  Conj/Fire      0%         2x1d4     96%         1
 Freeze                   Ice            0%         1d3       96%         1
 Magic Dart               Conj           0%         1d3       96%         1
 Necrotise                Necr           0%         1d4       96%         1
 Sandblast                Erth           0%         2d4       96%         1
 Shock                    Conj/Air       0%         1d3       96%         1
 Summon Small Mammal      Summ           0%         N/A       96%         1
 Blink                    Tloc           0%         N/A       99%         2
 Cigotuvi's Dreadful Rot  Necr/Pois/Air  0%         N/A       99%         2
 Passwall                 Tmut/Erth      0%         N/A       99%         2
 Poisonous Vapours        Pois/Air       0%         N/A       99%         2
 Searing Ray              Conj           0%         2d4       99%         2
 Static Discharge         Conj/Air       0%         2-2/arc   99%         2
 Call Canine Familiar     Summ           0%         N/A       100%        3
 Frozen Ramparts          Ice            0%         1d1       100%        3
 Hailstorm                Conj/Ice       0%         3d3       100%        3
 Mephitic Cloud           Conj/Pois/Air  0%         N/A       100%        3
 Portal Projectile        Hex/Tloc       0%         N/A       100%        3
 Stone Arrow              Conj/Erth      0%         3d7       100%        3
 Swiftness                Air            0%         N/A       100%        3
 Vampiric Draining        Necr           0%         2d6       100%        3
 Vhi's Electric Charge    Tloc/Air       0%         N/A       100%        3
 Airstrike                Air            0%         2d(0-16)  100%        4
 Dispel Undead            Necr           0%         3d6       100%        4
 Fulminant Prism          Conj/Hex       0%         3d5       100%        4
 Leda's Liquefaction      Hex/Erth       0%         N/A       100%        4
 Manifold Assault         Tloc           0%         N/A       100%        4
 Summon Lightning Spire   Summ/Air       0%         N/A       100%        4
 Agony                    Necr           0%         N/A       100%        5
 Fireball                 Conj/Fire      0%         3d3       100%        5
 Freezing Cloud           Conj/Ice/Air   0%         6-21      100%        5
 Lee's Rapid Deconstruct  Erth           0%         3d4*      100%        5
 Death Channel            Necr           0%         N/A       100%        6
 Plasma Beam              Fire/Air       0%         2x1d11    100%        6
 Simulacrum               Ice/Necr       0%         N/A       100%        6
 Starburst                Conj/Fire      0%         6d3       100%        6
 Statue Form              Tmut/Erth      0%         N/A       100%        6
 Ozocubu's Refrigeration  Ice            0%         4d7       100%        7
 Storm Form               Tmut/Air       0%         N/A       100%        7
 Borgnjor's Revivificati  Necr           0%         N/A       100%        8
 Maxwell's Capacitive Co  Air            0%         ∞         100%        8
 Necromutation            Tmut/Necr      0%         N/A       100%        8
 Death's Door             Necr           0%         N/A       100%        9
 Polar Vortex             Ice            0%         N/A       100%        9


Dungeon Overview and Level Annotations

Branches:
Dungeon (15/15)            Temple (0/1) D:4            Lair (5/5) D:9
  Swamp (4/4) Lair:3       Spider (1/4) Lair:3        Slime (5/5) Lair:5
    Orc (2/2) D:12            Elf (0/3) Orc:2        Vaults (0/5) D:13
 Depths (0/4) D:15        Volcano (visited)

Altars:
Ashenzari
Cheibriados
Fedhas
Gozag
Kikubaaqudgha
Makhleb
Nemelex Xobeh
Okawaru
Qazlal
Trog
Uskayaw
Vehumet
Wu Jian
Yredelemnul
Ignis
Jiyva

Shops:
D:7 =(   Orc:1 =   Orc:2 *[!===?!

Annotations:
D:10 Snorg
D:13 Kirke, Rupert
Lair:2 2 transporters
Slime:5 Royal Jelly


Innate Abilities, Weirdness & Mutations

You have sharp fingernails.
You are completely covered in large bone plates. (SH +8)
A powerful demonic guardian rushes to your aid.
Spells you cast may paralyse adjacent enemies.
Your presence sometimes corrodes those you injure.
You are robust. (+10% HP)
Your spells are much harder to cast, but much more powerful.
You have acidic saliva.
Armour fits poorly on your massive pseudopods.


Message History

The tarantella seems less confused.
Your cacodemon gestures at the culicivora.
The bolt of energy misses the culicivora.
The tarantella touches you.
* * * LOW HITPOINT WARNING * * *
You are confused.
The culicivora completely misses you.
You barely miss the tarantella. You bludgeon the tarantella!
The tarantella is severely wounded.
The tarantella touches you!
* * * LOW HITPOINT WARNING * * *
A demonic guardian appears!
The culicivora misses you. The tarantella touches you.
* * * LOW HITPOINT WARNING * * *
You are more confused.
The culicivora barely misses you.
A redback comes into view.
You hear a grinding noise.
The tarantella attacks as you move away!
The tarantella touches you.
* * * LOW HITPOINT WARNING * * *
You are more confused.
The culicivora attacks as you move away!
The culicivora bites you!
* * * LOW HITPOINT WARNING * * *
The culicivora draws strength from your injuries!
You're too confused to move!
The tarantella touches you!
* * * LOW HITPOINT WARNING * * *
You are more confused.
The culicivora bites you.
* * * LOW HITPOINT WARNING * * *
The culicivora draws strength from your injuries!
Your balrug barely misses the tarantella.
The tarantella touches itself.
Your cacodemon gestures at the tarantella.
The culicivora struggles to resist.
You bump into the rock wall.
The tarantella touches you.
* * * LOW HITPOINT WARNING * * *
The culicivora bites you!
You die...

#........##..## ....#..
###..#..###...### ....#.. .
##..#..#.#.....## .....# ..
##.........#.....#####....##.#
#..................#....^.....
##....#......>....s##.......##
###......#.....2.....##....^^..
##...#<..###.##s#.....##....#...
##....###.#.....@s...2...†..†....
#..##.##^.......###..s......#....
...#####...................#.....
..### ####.#.......^.#..#.## ....
..#.###.......####.#^..#.... ..
..............# .^.##.#......
.............##^.............
#..........### ## ............
##.......#.# .. .....#.


You could see a culicivora (soul bound, corroded), 2 tarantellas, a redback, a
friendly cacodemon (summoned) and a friendly balrug (summoned).

Vanquished Creatures
  2 thorn hunters
  A ghost moth (Lair:3)
  2 very ugly things (Swamp:4)
  4 eleionomae
  Azrael (D:12)
  2 bunyips
  An ettin (Orc:2)
  2 green deaths (Swamp:4)
  Harold (D:10)
  3 vault guards (D:13)
  13 hydras
  A hell beast (Swamp:4)
  2 ice dragons (D:15)
  A ghost crab (Swamp:4)
  An ogre mage (D:15)
  4 centaur warriors
  4 two-headed ogres
  3 alligators
  4 boulder beetles
  A death yak (Lair:3)
  A tengu warrior (D:13)
  4 orc high priests
  A thrashing horror (Swamp:4)
  A hell knight (Volcano)
  A skyshark (Lair:5)
  11 spriggans
  A death drake (Swamp:3)
  A fire crab (D:9)
  3 skeletal warriors (D:14)
  2 goliath frogs
  A spriggan druid (Swamp:2)
  2 orb spiders
  12 bog bodies
  2 orc knights
  9 swamp dragons
  A lindwurm (Lair:5)
  A large abomination (Swamp:4)
  2 orc sorcerers
  A wolf spider (Spider:1)
  9 ugly things
  2 deep elf pyromancers (D:12)
  3 manticores
  3 will-o-the-wisps
  4 cyclopes
  4 elephants (Lair:2)
  5 black mambas
  7 cane toads
  A molten gargoyle (Volcano)
  2 orange demons (Swamp:4)
  A demonic crawler (Spider:1)
  A torpor snail (Spider:1)
  2 gargoyles
  An unseen horror (D:9)
  3 rime drakes
  An efreet (D:11)
  8 komodo dragons
  A kobold demonologist (D:13)
  A yaktaur (shapeshifter) (D:13)
  2 yaktaurs (D:15)
  An ice devil (Lair:3)
  A tengu conjurer (D:9)
  A red devil (Volcano)
  8 trolls
  3 bloated husks
  8 tyrant leeches
  4 polar bears
  11 hornets
  A tarantella (shapeshifter) (D:14)
  25 blink frogs
  2 jumping spiders (Spider:1)
  2 wraiths
  5 shadows
  4 wyverns
  45 yaks
  5 basilisks
  17 fire elementals
  3 hogs (D:13)
  13 vampire mosquitoes
  5 steam dragons
  2 fire bats (Volcano)
  11 redbacks (Spider:1)
  10 swamp worms
  7 wargs
  2 acid dragons
  6 hell hounds
  5 water moccasins
  21 orc warriors
  3 swamp drakes
  A sky beast (D:7)
  2 ice beasts
  4 black bears
  9 ogres
  14 wolves
  3 centaurs
  12 bullfrogs
  3 kobold brigands
  4 scorpions
  A cane toad simulacrum (Lair:3)
  A gnoll sergeant (D:7)
  A two-headed ogre simulacrum (Lair:3)
  6 wights
  An electric eel (Orc:1)
  2 howler monkeys
  10 lava snakes
  2 jellies (D:6)
  3 hounds
  A gnoll bouda (D:7)
  26 orc priests
  A sleepcap (D:7)
  29 orc wizards
  3 iguanas
  2 spriggan simulacra (Lair:3)
  Robin (D:3)
  13 gnolls (D:7)
  7 adders
  7 shadow imps
  A white imp (Lair:3)
  3 ufetubi
  A worm (D:2)
  4 dart slugs
  57 orcs
  3 ball pythons
  6 bats
  4 endoplasms
  4 giant cockroaches
  16 goblins
  5 hobgoblins
  18 kobolds
  A quokka (D:1)
  2 frilled lizards
  4 rats
  A butterfly (Lair:4)
701 creatures vanquished.

Vanquished Creatures (collateral kills)
  Roxanne (Swamp:2)
  4 eleionomae
  3 hydras
  A shambling mangrove (Swamp:4)
  A vault guard (D:13)
  A catoblepas (Lair:1)
  An alligator (Swamp:3)
  A boulder beetle (D:11)
  A tengu warrior (D:13)
  A death yak (Lair:3)
  Urug (D:10)
  2 goliath frogs
  A pharaoh ant (Spider:1)
  A cyclops (D:11)
  A demonic crawler (Spider:1)
  A smoke demon (Volcano)
  An efreet (D:13)
  A yaktaur (D:15)
  An ice devil (Lair:3)
  A tyrant leech (Swamp:4)
  A blink frog (D:9)
  A wraith (D:10)
  5 yaks
  3 fire elementals
  A golden eye (shapeshifter) (D:13)
  A basilisk (Lair:2)
  A swamp worm (Swamp:3)
  An acid dragon (D:9)
  A hell hound (Lair:5)
  A black bear (D:5)
  An electric eel (Lair:4)
  An orc priest (D:9)
  An orc wizard (Orc:2)
  A polar bear simulacrum (Lair:3)
  An adder (D:4)
  A gnoll (D:7)
  2 orcs (Orc:2)
50 creatures vanquished.

Vanquished Creatures (others)
  2 great orbs of eyes (Swamp:4)
  A glowing orange brain (shapeshifter) (D:11)
  A bog body (Swamp:4)
  2 swamp dragons (Swamp:4)
  An ugly thing (Swamp:4)
  A rime drake (D:9)
  A kobold demonologist (D:12)
  2 yaktaurs (D:15)
  3 bloated husks
  A troll (D:13)
  A tyrant leech (Swamp:3)
  10 slime creatures (Swamp:4)
  A vampire (D:13)
  A swamp worm (Swamp:2)
  A hell hound (D:12)
  A floating eye (shapeshifter) (D:13)
  An ogre (Orc:2)
  2 wights (D:8)
  95 jellies
  2 howler monkeys (D:11)
  4 orc priests (Orc:2)
  5 orc wizards (Orc:2)
  5 orcs
  54 foxfires
198 creatures vanquished.

Grand Total: 949 creatures vanquished

Notes
Turn   | Place    | Note
-------+----------+-------------------------------------------
     0 | D:1      | Sai the Demonspawn Gladiator began the quest for the Orb.
     0 | D:1      | Reached XP level 1. HP: 16/16 MP: 1/1
   439 | D:1      | Gained mutation: A weak demonic guardian rushes to your
                  | aid. [demonic ancestry]
   439 | D:1      | Reached XP level 2. HP: 21/22 MP: 2/2
   476 | D:1      | Found a faded altar of an unknown god.
   490 | D:1      | Prayed at the altar of an unknown god.
   490 | D:1      | Became a worshipper of Ignis, the Dying Flame
   932 | D:2      | Found an ancient bone altar of Kikubaaqudgha.
   956 | D:2      | Gained mutation: You are partially covered in large bone
                  | plates. (SH +4) [demonic ancestry]
   956 | D:2      | Reached XP level 3. HP: 22/27 MP: 3/3
  1331 | D:2      | Identified the ring "Idwy" {*Corrode rF+++ Will+ MP+9
                  | Str+2}
  1850 | D:3      | Found a stormy altar of Qazlal.
  1932 | D:3      | Reached XP level 4. HP: 33/33 MP: 4/4
  2040 | D:3      | Found a hide-covered altar of Uskayaw.
  2041 | D:3      | Noticed a +0 hand axe
  2041 | D:3      | Noticed a +0 hand axe
  2138 | D:3      | Reached skill level 5 in Axes
  2291 | D:3      | Noticed a scorpion
  2298 | D:3      | Killed a scorpion
  2299 | D:3      | Reached XP level 5. HP: 30/38 MP: 5/5
  2454 | D:4      | Noticed a centaur
  2489 | D:4      | Noticed Robin
  2489 | D:4      | Found a snail-covered altar of Cheibriados.
  2518 | D:3      | Killed Robin
  2654 | D:4      | Killed a centaur
  2655 | D:4      | Reached XP level 6. HP: 35/44 MP: 6/6
  2964 | D:4      | Reached skill level 1 in Ranged Weapons
  3136 | D:4      | Found a staircase to the Ecumenical Temple.
  3276 | D:5      | Entered Level 5 of the Dungeon
  3298 | D:5      | Noticed an ice beast
  3314 | D:4      | Killed an ice beast
  3315 | D:4      | Reached skill level 2 in Ranged Weapons
  3315 | D:4      | Gained mutation: You are mostly covered in large bone
                  | plates. (SH +6) [demonic ancestry]
  3315 | D:4      | Reached XP level 7. HP: 41/51 MP: 7/7
  3366 | D:5      | Reached skill level 3 in Ranged Weapons
  3438 | D:5      | Reached skill level 4 in Ranged Weapons
  3449 | D:5      | Reached XP level 8. HP: 49/60 MP: 8/8
  3535 | D:5      | Reached skill level 5 in Ranged Weapons
  3584 | D:5      | Found an opulent altar of Gozag.
  3973 | D:5      | Found a burning altar of Makhleb.
  3973 | D:5      | Found an ornate altar of the Wu Jian Council.
  4204 | D:6      | Reached skill level 5 in Fighting
  4204 | D:6      | Reached skill level 6 in Ranged Weapons
  4600 | D:6      | Found a bloodstained altar of Trog.
  5142 | D:7      | Reached skill level 7 in Ranged Weapons
  5142 | D:7      | Reached skill level 1 in Evocations
  5190 | D:7      | Reached XP level 9. HP: 68/68 MP: 9/9
  5301 | D:7      | Identified the +1 plate armour of the Fife {rElec}
  5420 | D:7      | Found Jofos Ofuzy's Antique Weapon Emporium.
  5439 | D:7      | Bought a crude rapier for 216 gold pieces
  5439 | D:7      | Identified the +5 rapier "Otisur" {flame, rC+ rN+} (You
                  | bought it in a shop on level 7 of the Dungeon)
  5692 | D:7      | Found Hoemmy's Jewellery Shop.
  5700 | D:7      | Bought a ring of see invisible for 195 gold pieces
  5767 | D:8      | Reached skill level 8 in Ranged Weapons
  5960 | D:8      | Got the Folio of the Aerial Lithosphere
  6371 | D:8      | Reached skill level 9 in Ranged Weapons
  6544 | D:8      | Gained mutation: You are completely covered in large bone
                  | plates. (SH +8) [demonic ancestry]
  6544 | D:8      | Reached XP level 10. HP: 66/74 MP: 10/10
  6745 | D:8      | Found a sparkling altar of Nemelex Xobeh.
  7089 | D:9      | Found a radiant altar of Vehumet.
  7130 | D:9      | Found a broken altar of Ashenzari.
  7137 | D:9      | Found an ancient bone altar of Kikubaaqudgha.
  7195 | D:9      | Noticed a fire crab
  7287 | D:9      | Reached skill level 10 in Ranged Weapons
  7424 | D:9      | Reached skill level 1 in Short Blades
  7454 | D:9      | Reached skill level 5 in Dodging
  7721 | D:9      | Found a staircase to the Lair.
  7952 | D:9      | Killed a fire crab
  7953 | D:9      | Reached skill level 5 in Short Blades
  8080 | D:9      | Gained mutation: A demonic guardian rushes to your aid.
                  | [demonic ancestry]
  8080 | D:9      | Reached XP level 11. HP: 73/80 MP: 11/11
  8256 | D:10     | Entered Level 10 of the Dungeon
  8299 | D:10     | Noticed Urug
  8305 | D:10     | Noticed Harold
  8434 | D:10     | Found an iron altar of Okawaru.
  8460 | D:10     | Killed Urug
  8591 | D:10     | Killed Harold
  8732 | D:10     | Found a blossoming altar of Fedhas.
  8732 | D:10     | Found a basalt altar of Yredelemnul.
  8763 | D:10     | Noticed Snorg
  9072 | Lair:1   | Entered Level 1 of the Lair of Beasts
  9937 | Lair:1   | Noticed a catoblepas
  9955 | Lair:1   | Killed a catoblepas
  9956 | Lair:1   | Reached skill level 1 in Armour
 10281 | Lair:2   | Gained mutation: You have sharp fingernails. [demonic
                  | ancestry]
 10281 | Lair:2   | Reached XP level 12. HP: 86/86 MP: 12/12
 10297 | Lair:2   | Noticed a five-headed hydra
 10310 | Lair:2   | Killed a five-headed hydra
 10459 | Lair:2   | Reached skill level 11 in Ranged Weapons
 10964 | Lair:2   | Found a transporter.
 10990 | Lair:2   | Found a transporter.
 11406 | Lair:3   | Noticed a death yak
 11408 | Lair:3   | Reached skill level 12 in Ranged Weapons
 11425 | Lair:3   | Killed a death yak
 11443 | Lair:3   | Noticed a death yak
 11463 | Lair:3   | Killed a death yak
 11540 | Lair:3   | Reached skill level 5 in Armour
 11555 | Lair:3   | Found a burning altar of Makhleb.
 11643 | Lair:3   | You fall into a shaft and drop 2 floors!
 11643 | Lair:5   | Entered Level 5 of the Lair of Beasts
 11666 | Lair:5   | Noticed a boulder beetle
 11678 | Lair:5   | Killed a boulder beetle
 11713 | Lair:5   | Noticed a boulder beetle
 12113 | Lair:3   | Reached skill level 13 in Ranged Weapons
 12190 | Lair:3   | Gained mutation: Spells you cast may paralyse adjacent
                  | enemies. [demonic ancestry]
 12190 | Lair:3   | Reached XP level 13. HP: 92/92 MP: 13/13
 12217 | Lair:3   | Identified the +4 quarterstaff of Termination {drain, rC+}
 12446 | Lair:3   | Found a staircase to the Swamp.
 12552 | Lair:3   | Found a hole to the Spider Nest.
 13196 | Lair:4   | Identified the +0 dagger "Qitsopn" {vamp, rC+ Str-2 Stlth+}
 13938 | Lair:5   | Reached skill level 14 in Ranged Weapons
 14148 | Lair:5   | Found a viscous altar of Jiyva.
 14148 | Lair:5   | Found a staircase to the Slime Pits.
 14155 | Lair:5   | Fell from the grace of Ignis
 14155 | Lair:5   | Became a worshipper of Jiyva Jefuli the Shapeless
 14467 | Lair:5   | Identified the +2 shortbow "Lin Cot" {freeze, Int+3}
 14781 | Lair:5   | Reached skill level 15 in Ranged Weapons
 15279 | D:10     | Reached * piety under Jiyva
 15601 | D:11     | You fall into a shaft and drop 2 floors!
 15694 | D:13     | Noticed Kirke
 15878 | D:13     | Found a gate to the Vaults.
 16042 | D:12     | Reached XP level 14. HP: 98/98 MP: 14/14
 16111 | D:11     | Reached skill level 16 in Ranged Weapons
 16130 | D:11     | Reached ** piety under Jiyva
 16216 | D:11     | You fall into a shaft and drop 1 floor!
 16245 | D:12     | Noticed Azrael
 16470 | D:11     | Reached *** piety under Jiyva
 16556 | D:11     | Gained mutation: Your mind is acute. (Int +4, Str/Dex -1)
                  | [Jiyva's grace]
 16556 | D:11     | Gained mutation: Your mind is very acute. (Int +8, Str/Dex
                  | -2) [Jiyva's grace]
 16556 | D:11     | Gained mutation: You have a pair of small horns on your
                  | head. [Jiyva's grace]
 16556 | D:11     | Gained mutation: You have a pair of horns on your head.
                  | [Jiyva's grace]
 17124 | D:12     | Killed Azrael
 17287 | D:12     | Found a staircase to the Orcish Mines.
 17436 | D:12     | Reached skill level 5 in Evocations
 17869 | D:13     | Noticed Rupert
 17993 | D:12     | You fall into a shaft and drop 3 floors!
 17993 | D:15     | Entered Level 15 of the Dungeon
 18439 | D:13     | Reached **** piety under Jiyva
 18652 | D:14     | Identified the +1 war axe of Valuable Assets {pain, rElec
                  | Str-3 Dex+5 Stlth+}
 18770 | D:14     | Was forgiven by Ignis
 19283 | D:15     | Paralysed by something for 4 turns
 19524 | D:15     | Lost mutation: Your mind is very acute. (Int +8, Str/Dex
                  | -2) [Jiyva's grace]
 19524 | D:15     | Gained mutation: Your spells are a little harder to cast,
                  | but a little more powerful. [Jiyva's grace]
 19524 | D:15     | Gained mutation: Your spells are harder to cast, but more
                  | powerful. [Jiyva's grace]
 19524 | D:15     | Gained mutation: Your spells are much harder to cast, but
                  | much more powerful. [Jiyva's grace]
 19524 | D:15     | Gained mutation: You have acidic saliva. [Jiyva's grace]
 19539 | D:15     | Found a stormy altar of Qazlal.
 19588 | D:15     | Reached ***** piety under Jiyva
 19603 | D:15     | Reached skill level 10 in Fighting
 19628 | D:15     | Identified the +6 short sword of Tomorrow {flame, Stlth+}
 19692 | D:15     | Identified the ring of Gerirett {rN+ Str+2 Dex+2}
 19865 | D:15     | Found a staircase to the Depths.
 19973 | Orc:1    | Entered Level 1 of the Orcish Mines
 20002 | Orc:1    | Found Fejuhu Era's Jewellery Boutique.
 20198 | Orc:1    | Found a dark tunnel.
 20230 | Volcano  | Entered a volcano
 20528 | Volcano  | Found a burning altar of Makhleb.
 21237 | Orc:2    | Entered Level 2 of the Orcish Mines
 21250 | Orc:2    | Found a flickering gateway to a bazaar.
 21263 | Bazaar   | Entered a bazaar
 21281 | Bazaar   | Found Utuehumo's Armour Shoppe.
 21281 | Bazaar   | Found Asaol's Book Emporium.
 21323 | Bazaar   | Found Leutishruola's Distillery.
 21358 | Bazaar   | Bought a potion of heal wounds for 65 gold pieces
 21358 | Bazaar   | Bought a potion of curing for 39 gold pieces
 21358 | Bazaar   | Bought a potion of heal wounds for 65 gold pieces
 21358 | Bazaar   | Bought a potion of curing for 39 gold pieces
 21358 | Bazaar   | Bought a potion of curing for 39 gold pieces
 21358 | Bazaar   | Bought a potion of curing for 39 gold pieces
 21358 | Bazaar   | Bought a potion of heal wounds for 65 gold pieces
 21545 | Orc:2    | Found Isoon's Assorted Antiques.
 21549 | Orc:2    | Lost mutation: You have a pair of horns on your head.
                  | [Jiyva's grace]
 21549 | Orc:2    | Lost mutation: You have a pair of small horns on your head.
                  | [Jiyva's grace]
 21549 | Orc:2    | Lost mutation: Your spells are much harder to cast, but
                  | much more powerful. [Jiyva's grace]
 21549 | Orc:2    | Lost mutation: Your spells are harder to cast, but more
                  | powerful. [Jiyva's grace]
 21549 | Orc:2    | Gained mutation: Your spells are harder to cast, but more
                  | powerful. [Jiyva's grace]
 21549 | Orc:2    | Gained mutation: Your spells are much harder to cast, but
                  | much more powerful. [Jiyva's grace]
 21549 | Orc:2    | Gained mutation: You are robust. (+10% HP) [Jiyva's grace]
 21549 | Orc:2    | Gained mutation: You are very robust. (+20% HP) [Jiyva's
                  | grace]
 21690 | Orc:2    | Gained mutation: A powerful demonic guardian rushes to your
                  | aid. [demonic ancestry]
 21690 | Orc:2    | Reached XP level 15. HP: 122/140 MP: 15/15
 21857 | Orc:2    | Found Tiev Cio's Magic Scroll Shop.
 21889 | Orc:2    | Found Etafuq's Jewellery Shoppe.
 21897 | Orc:2    | Found a staircase to the Elven Halls.
 21902 | Orc:2    | Reached ****** piety under Jiyva
 22329 | Slime:1  | Entered Level 1 of the Pits of Slime
 22329 | Slime:1  | Noticed an acid blob
 22706 | Orc:2    | Gained mutation: Your body sometimes deteriorates upon
                  | taking damage. [a neqoxec]
 22812 | Orc:2    | Found Jigguxoq's Distillery.
 22813 | Orc:2    | Found Mege's Antique Armour Shoppe.
 22814 | Orc:2    | Found Tyin's Jewellery Emporium.
 22818 | Orc:2    | Found Nisass's Jewellery Emporium.
 23030 | Orc:2    | Found Xeubap's Distillery.
 23038 | Orc:2    | Bought a potion of cancellation for 96 gold pieces
 23208 | Orc:2    | Bought a scroll of identify for 20 gold pieces
 23208 | Orc:2    | Bought a scroll of fog for 40 gold pieces
 23208 | Orc:2    | Bought a scroll of enchant armour for 75 gold pieces
 23208 | Orc:2    | Bought a scroll of fear for 40 gold pieces
 23208 | Orc:2    | Bought a scroll of silence for 95 gold pieces
 23208 | Orc:2    | Bought a scroll of fog for 40 gold pieces
 23243 | Orc:2    | Bought a potion of haste for 280 gold pieces
 23243 | Orc:2    | Bought a potion of heal wounds for 140 gold pieces
 23271 | Orc:2    | Bought a potion of haste for 140 gold pieces
 23302 | Orc:2    | Bought a potion of haste for 120 gold pieces
 23302 | Orc:2    | Bought a potion of haste for 120 gold pieces
 23666 | Slime:1  | Noticed a rockslime
 23694 | Slime:4  | Noticed an azure jelly
 23699 | Slime:5  | Entered Level 5 of the Pits of Slime
 23699 | Slime:5  | Noticed an acid blob
 23703 | Slime:5  | Noticed an acid blob
 23718 | Slime:5  | Found a viscous altar of Jiyva.
 23719 | Slime:5  | Noticed an acid blob
 23719 | Slime:5  | Noticed an acid blob
 23720 | Slime:5  | Noticed a rockslime
 23720 | Slime:5  | Noticed an acid blob
 23720 | Slime:5  | Noticed an acid blob
 23722 | Slime:5  | Noticed an acid blob
 23722 | Slime:5  | Noticed an acid blob
 23723 | Slime:5  | Noticed the Royal Jelly
 23723 | Slime:5  | Noticed a rockslime
 23731 | Slime:5  | Got a slimy rune of Zot
 23734 | Slime:5  | Identified the scarf of Classification {rC+ rF+, Harm rN+++
                  | Str-4 Dex-5}
 23738 | Slime:5  | Identified the +4 scimitar of the Blessed Realm {drain,
                  | rElec rF- Dex+3}
 23749 | Slime:5  | Identified the +4 dagger of the Skies Above {antimagic, Fly
                  | Int+3 Stlth+}
 23760 | Slime:5  | Identified the ring of Waneer {Fly MP+9}
 23806 | Slime:5  | Got Komp's Handbook of Gases
 23979 | Slime:5  | Noticed an azure jelly
 24370 | Orc:2    | Bought a ring of poison resistance for 260 gold pieces
 24680 | Swamp:1  | Entered Level 1 of the Swamp
 25407 | Swamp:2  | Noticed Roxanne
 25450 | Swamp:2  | Killed Roxanne
 26185 | Swamp:2  | Found an ancient bone altar of Kikubaaqudgha.
 26379 | Swamp:2  | Lost mutation: Your mind is acute. (Int +4, Str/Dex -1)
                  | [Jiyva's grace]
 26379 | Swamp:2  | Lost mutation: Your body sometimes deteriorates upon taking
                  | damage. [Jiyva's grace]
 26379 | Swamp:2  | Lost mutation: You are very robust. (+20% HP) [Jiyva's
                  | grace]
 26379 | Swamp:2  | Lost mutation: You have acidic saliva. [Jiyva's grace]
 26379 | Swamp:2  | Gained mutation: You have acidic saliva. [Jiyva's grace]
 26379 | Swamp:2  | Gained mutation: Armour fits poorly on your pseudopods.
                  | [Jiyva's grace]
 26379 | Swamp:2  | Gained mutation: Armour fits poorly on your large
                  | pseudopods. [Jiyva's grace]
 26379 | Swamp:2  | Gained mutation: Armour fits poorly on your massive
                  | pseudopods. [Jiyva's grace]
 26749 | Swamp:3  | Noticed a thorn hunter
 26761 | Swamp:3  | Killed a thorn hunter
 27073 | Swamp:4  | Entered Level 4 of the Swamp
 27307 | Swamp:4  | Gained mutation: Your presence sometimes corrodes those you
                  | injure. [demonic ancestry]
 27307 | Swamp:4  | Reached XP level 16. HP: 116/146 MP: 16/16
 27367 | Swamp:4  | Reached skill level 10 in Armour
 27772 | Swamp:4  | Noticed a thorn hunter
 27788 | Swamp:4  | Killed a thorn hunter
 28442 | Swamp:4  | Reached skill level 10 in Dodging
 28506 | Swamp:4  | Got a decaying rune of Zot
 28878 | Spider:1 | Entered Level 1 of the Spider Nest
 29407 | Spider:1 | HP: 4/134 [tarantella (14)]
 29407 | Spider:1 | HP: 1/134 [culicivora (3)]
 29408 | Spider:1 | Mangled by a culicivora

Illustrated notes

Levels and vault maps discovered:
D:1:      co_arrival_random_square_maze, layout_basic,
          chequers_ecumenical_altar_lobes
D:2:      layout_loops_ring, basic_altar, serial_bayou_lagoon_b
D:3:      layout_basic, dancing_weapons_uskayaw, nicolae_overflow_crystal_walls,
          kennysheep_generic_room_8
D:4:      layout_gridville, cheibriados_altar_1, minmay_temple_entry_waves,
          uniq_robin
D:5:      layout_cave_pools, lemuel_doored_altar,
          gammafunk_temple_overflow_elements, chequers_serial_rivers_large_b,
          guppyfry_early_orc_mine
D:6:      layout_basic, zin_scriptorium, trog_book, minivault_5,
          columned_hall_lemuel
D:7:      layout_basic, serial_shops, nicolae_shop_trees,
          nicolae_shop_tiny_waterfront
D:8:      layout_rooms, nemelex_xobeh_ov_fountains_minmay
D:9:      minmay_recursive_quarters, layout_basic, lemuel_crystal_altar,
          minitemple, minmay_lair_entry_lava
D:10:     layout_gridville, mainiacjoe_overflow_divided_tiny,
          kennysheep_okawaru_gauntlet, uniq_harold, uniq_snorg, uniq_urug
D:11:     layout_basic, minivault_12
D:12:     erik_rubicon_a, layout_cave_pools, orc_0_dummy, uniq_azrael
D:13:     layout_irregular_city, lightli_vaults_fourway_checkpoint, uniq_kirke,
          uniq_rupert
D:14:     layout_roguey, minmay_misc_feat_rows, feat_on_display
D:15:     grunt_enter_depths_hoard, layout_rooms,
          nicolae_qazlal_general_emergency, lemuel_flamethrower_3
Lair:1:   layout_regular_city
Lair:2:   gammafunk_cloud_chamber, layout_regular_city
Lair:3:   dreamdust_isle_of_ice, layout_gridlike, skrybe_swamp_entry_bodies,
          nicolae_spider_entry_orb_guardian, basic_altar
Lair:4:   layout_gridlike, serial_bayou_shore_a, lemuel_fruit_fields
Lair:5:   cheibrodos_lair_end_hotspot, layout_regular_city,
          dpeg_slime_entry_corner
Swamp:1:  layout_falls_marsh, hangedman_swamp_lotus, swamp_pool2,
          infiniplex_staircase_pool
Swamp:2:  layout_falls_marsh, nicolae_swamp_little_tower, swamp_pool1,
          grunt_ruined_hall, uniq_roxanne
Swamp:3:  layout_basic_swamp, hangedman_swamp_ruin_wall
Swamp:4:  swamp_vile, layout_basic_swamp, nicolae_swamp_big_swirl
Spider:1: layout_spider_delve
Slime:1:  layout_caves
Slime:2:  layout_caves
Slime:3:  layout_caves, nicolae_slime_barrier
Slime:4:  layout_caves, cheibrodos_slime_lost_civilization_7
Slime:5
Orc:1:    layout_caves, serial_shops, enter_volcano_2,
          minmay_shop_enchanted_jewellery, nooodl_orcs_dogs
Orc:2:    st_orc_mages, layout_caves, serial_shops, bzr_entry_road,
          shop_fountains, shop, shop_statue, nicolae_shop_advertising_works
          [nicolae_subvault_shop_adworks], basic_altar

Skill      XL: |  1  2  3  4  5  6  7  8  9 10 11 12 13 14 15 16 |
---------------+-------------------------------------------------+-----
Axes           | 3 4 5 6 |  6.6
Ranged Weapons | 2 4 7 9 10 13 15 16 | 16.0
Fighting       | 4 5 10 14 | 14.9
Evocations     | 1 4 7 |  7.2
Dodging        | 3 6 8 10 | 10.6
Short Blades   | 5 9 |  9.2
Armour         | 1 5 6 7 9 10 | 10.0
Throwing       | |  1.7

Action                     |  1- 3 |  4- 6 |  7- 9 | 10-12 | 13-15 | 16-18 || total
---------------------------+-------+-------+-------+-------+-------+-------++-------
  Melee: War axe           |   117 |    99 |   127 |     4 |       |       ||   347
         Punch             |     2 |     1 |     1 |     3 |       |       ||     7
         Rapier            |       |       |       |   212 |     5 |       ||   217
         Shortbow          |       |       |       |       |       |     1 ||     1
         Pseudopods        |       |       |       |       |       |     1 ||     1
   Fire: Shortbow          |       |       |   231 |   605 |  2262 |   470 ||  3568
  Throw: Throwing net      |       |     1 |     2 |     3 |     2 |       ||     8
 Invoke: Foxfire Swarm     |       |       |     2 |       |       |       ||     2
         Fiery Armour      |       |       |     1 |     1 |       |       ||     2
         Oozemancy         |       |       |       |       |     1 |       ||     1
  Evoke: Wand              |       |       |     4 |     7 |     4 |       ||    15
         Lightning rod     |       |       |       |       |     9 |       ||     9
         Box of beasts     |       |       |       |       |     2 |       ||     2
         Phial of floods   |       |       |       |       |     2 |       ||     2
    Use: Scroll            |       |     5 |     4 |     8 |    20 |     1 ||    38
         Potion            |       |       |       |       |     4 |       ||     4
   Stab: Held in net/web   |       |     1 |     2 |       |       |       ||     3
 Armour: Leather armour    |    15 |       |       |       |       |       ||    15
         Ring mail         |    52 |    33 |    55 |    41 |       |       ||   181
         Chain mail        |       |       |     5 |       |       |       ||     5
         Acid dragon scale |       |       |       |    13 |   101 |       ||   114
         Scale mail        |       |       |       |   167 |   142 |       ||   309
         Troll leather arm |       |       |       |       |     9 |       ||     9
         Ice dragon scales |       |       |       |       |   266 |    97 ||   363
  Dodge: Dodged            |    72 |    68 |   148 |   385 |   670 |   164 ||  1507
  Block: Other             |    12 |    21 |    74 |   256 |   546 |   193 ||  1102
         Reflection        |       |       |       |       |     5 |     1 ||     6
